 Dungeon Crawl Stone Soup version bcrawl-1.19.2-6-g6a88ae04c9 (webtiles) character file.

Game seed: 6347907509817760211

14 MisterOstroum the Sneak (level 2, -2/18 HPs)
             Began as a Vine Stalker Rogue on Dec 23, 2019.
             Slain by a goblin
             ... wielding a +0 dagger of electrocution
              (20 damage)
             ... on level 1 of the Dungeon.
             The game lasted 00:00:36 (220 turns).

MisterOstroum the Sneak (Vine Stalker Rogue)         Turns: 220, Time: 00:00:36

Health: -2/18      AC:  3    Str: 13    XL:     2   Next: 41%
Magic:  4/4        EV: 11    Int: 11    God:
Gold:   27         SH:  0    Dex: 15    Spells: 1/1 levels left

rFire    . . .     SeeInvis .   b - +0 blowgun
rCold    . . .     Gourm    .   (no shield)
rNeg     . . .     Faith    .   c - +0 robe
rPois    .         Spirit   .   (no helmet)
rElec    .         Reflect  .   d - +0 cloak
rCorr    .         Harm     .   (no gloves)
MR       .....                  (no boots)
Stlth    +++.......             (no amulet)
HPRegen  0.46/turn              (no ring)
MPRegen  0.09/turn              (no ring)

@: no status effects
A: fangs 2, regeneration 1, no potion heal 3, rot immunity, strong jaws
a: no special abilities


You were on level 1 of the Dungeon.
You were not hungry.

You visited 1 branch of the dungeon, and saw 1 of its levels.

You collected 27 gold pieces.

Inventory:

Hand Weapons
 a - a +2 dagger
 b - a +0 blowgun (weapon)
Missiles
 h - 79 poisoned needles (quivered)
Armour
 c - a +0 robe (worn)
 d - a +0 cloak (worn)
Wands
 f - a wand of flame (15)
 g - a wand of enslavement (15)
Scrolls
 j - a scroll of remove curse {unknown}
 k - a scroll of teleportation {unknown}
 l - a scroll of amnesia {unknown}
Comestibles
 e - a ration {!d}
 i - 16 chunks of flesh


   Skills:
 + Level 2.7 Fighting
 - Level 1.7 Short Blades
 - Level 5.8 Stealth
 - Level 1.7 Evocations


You had one spell level left.
You didn't know any spells.
Your spell library was empty.

Dungeon Overview and Level Annotations

Branches:
Dungeon (1/12)

Altars:


Innate Abilities, Weirdness & Mutations

You have extremely sharp teeth.
Your natural rate of healing is unusually fast.
Potions cannot restore your health.
You are immune to rotting.
Your bites deal extra damage.


Message History

You butcher the goblin corpse.
i - 13 chunks of flesh (gained 2)
Things that are here:
a cursed -1 club; a goblin skeleton
Things that are here:
a cursed -1 club; a goblin skeleton
l - a scroll labeled TYHUKK FA HAE No target in view!
No target in view!
No target in view!
No target in view!
No target in view!
No target in view!
You open the door.
There is an open door here.
A hobgoblin comes into view. It is wielding a +0 club.
A hobgoblin is nearby!
A hobgoblin is nearby!
A hobgoblin is nearby!
The helpless hobgoblin fails to defend itself.
You impale the hobgoblin!!
You kill the hobgoblin!
No target in view!
No target in view!
No target in view!
No target in view!
No target in view!
No target in view!
No target in view!
No target in view!
No target in view!
No target in view!
No target in view!
No target in view!
No target in view!
No target in view!
No target in view!
Things that are here:
a +0 club; a hobgoblin corpse You butcher the hobgoblin corpse.
i - 16 chunks of flesh (gained 3)
Things that are here:
a +0 club; a hobgoblin skeleton
Things that are here:
a +0 club; a hobgoblin skeleton As you open the door, it creaks loudly!
There is an open door here.
Found a stone staircase leading down.
A rat and a goblin come into view.
The goblin is wielding a +0 dagger of electrocution.
There are monsters nearby!
A bat comes into view.
Found 5 gold pieces.
You barely miss the rat. The rat barely misses you.
There are monsters nearby!
There are monsters nearby!
There are monsters nearby!
You closely miss the goblin. The goblin closely misses you.
The rat completely misses you.
You hit the goblin.
The goblin is severely wounded.
The goblin hits you with a +0 dagger of electrocution.
You are electrocuted!
Ouch! That really hurt!
* * * LOW HITPOINT WARNING * * *
The rat barely misses you.
You are too injured to fight recklessly!
You are too injured to fight recklessly!
You are too injured to fight recklessly!
You are too injured to fight recklessly!
You are too injured to fight recklessly!
You are too injured to fight recklessly!
You are too injured to fight recklessly!
You are too injured to fight recklessly!
You are too injured to fight recklessly!
You are too injured to fight recklessly!
You are too injured to fight recklessly!
You are too injured to fight recklessly!
You are too injured to fight recklessly!
You are too injured to fight recklessly!
You are too injured to fight recklessly!
You are too injured to fight recklessly!
You are too injured to fight recklessly!
You are too injured to fight recklessly!
You are too injured to fight recklessly!
You are too injured to fight recklessly!
You are too injured to fight recklessly!
Press: ? - help, v - describe, . - travel
Here: a goblin, wielding a +0 dagger of electrocution (severely wounded)
The floor.
Unknown command.
b - a +0 blowgun (weapon)
Firing (i - inventory)
h - 80 poisoned needles (quivered)
Press: ? - help, Shift-Dir - straight line, f - goblin
Aim: a goblin, wielding a +0 dagger of electrocution (moderately wounded)
You shoot a poisoned needle.
The poisoned needle closely misses the goblin.
The goblin hits you but does no damage.
You are electrocuted!!
Ouch! That really hurt!
You die...

#.# ##########'#.. #
#.................
..#.#.. ....#.....÷.
.#.#.# ###.#......) #
..#.# #........... #..
#.#.###.#.........
#.#####.#.....#...##.#..
##......÷..#####.r.##.###
#.......@g..#......##....
##.......#..#.###..#####.
##.##.#..#..#.#....# ###.
#........#....r....###...
#####.#.#############)..#
#........)......+[..+
###.#############...#
#.......÷...# #...#
###########.# #....


You could see a goblin.

Vanquished Creatures
  A leopard gecko (D:1)
  4 goblins (D:1)
  2 hobgoblins (D:1)
  A kobold (D:1)
  2 bats (D:1)
  A rat (D:1)
11 creatures vanquished.

Notes
Turn   | Place    | Note
-------+----------+-------------------------------------------
     0 | D:1      | MisterOstroum the Vine Stalker Rogue began the quest for
                  | the Orb.
     0 | D:1      | Reached XP level 1. HP: 12/12 MP: 3/3
    98 | D:1      | Reached XP level 2. HP: 11/18 MP: 4/4
   220 | D:1      | Slain by a goblin

Skill      XL: |  1 |
---------------+----+-----
Fighting       | 2 |  2.7
Short Blades   | |  1.7
Stealth        | |  5.8
Evocations     | |  1.7

Action                   || total
-------------------------++-------
Melee: Dagger            ||    33
       Bite              ||     5
 Fire: Blowgun           ||     1
 Stab: Sleeping          ||     4
Armor: Robe              ||     9
Dodge: Dodged            ||    15
